| TOP OF THE 1ST |
|
Niagara Falls Phantoms batting - Pitching for Brockton Rox : RHP Ryuhei Shimabukuro
|
|
Pitching: RHP Ryuhei Shimabukuro
|
|
|
Batting: LHB Aaron Joyner
|
0-0: Called Strike 0-1: Swinging Strike 0-2: Ball 1-2: Strikes out swinging
|
|
Batting: SHB Mukhtar Wa'il
|
0-0: Ground out 4-3 (Groundball, 4, EV 95.0 MPH)
|
|
Batting: RHB Devon Utley
|
0-0: Ball 1-0: Ball 2-0: SINGLE (Groundball, 25, EV 68.8 MPH) (infield hit)
|
|
Batting: LHB Bart Davies
|
0-0: Ball 1-0: Called Strike 1-1: Called Strike 1-2: Strikes out swinging
|
| Top of the 1st over - 0 runs, 1 hit, 0 errors, 1 left on base; Niagara Falls 0 - Brockton 0 |
| BOTTOM OF THE 1ST |
|
Brockton Rox batting - Pitching for Niagara Falls Phantoms : RHP Khayyat bin Faruq
|
|
Pitching: RHP Khayyat bin Faruq
|
|
|
Batting: RHB Sal Rivera
|
0-0: Ball 1-0: Fly out, F5 (Popup, 5S, EV 80.0 MPH)
|
|
Batting: LHB John Buff
|
0-0: Bunt for hit to 15 - play at first, batter OUT! 1-3
|
|
Batting: RHB Jim Hubbard
|
0-0: Foul Ball, location: 2F 0-1: DOUBLE (Flyball, 8LXD, EV 105.6 MPH)
|
|
Batting: LHB Carlos Guerra
|
0-0: Swinging Strike 0-1: Ball 1-1: Foul Ball, location: 2F 1-2: Strikes out swinging
|
| Bottom of the 1st over - 0 runs, 1 hit, 0 errors, 1 left on base; Niagara Falls 0 - Brockton 0 |
| TOP OF THE 2ND |
|
Niagara Falls Phantoms batting - Pitching for Brockton Rox : RHP Ryuhei Shimabukuro
|
|
Batting: RHB Alex Colon
|
0-0: Ball 1-0: SINGLE (Flyball, 3D, EV 90.0 MPH)
|
|
Batting: SHB Edwin Dominguez
|
0-0: Swinging Strike 0-1: Grounds into double play, 4-6-3 (Groundball, 34D, EV 82.5 MPH)
|
|
Batting: RHB Nazeeh Zubair
|
0-0: Called Strike 0-1: Foul Ball, location: 2F 0-2: Fly out, F9 (Flyball, 89M, EV 93.1 MPH)
|
| Top of the 2nd over - 0 runs, 1 hit, 0 errors, 0 left on base; Niagara Falls 0 - Brockton 0 |
| BOTTOM OF THE 2ND |
|
Brockton Rox batting - Pitching for Niagara Falls Phantoms : RHP Khayyat bin Faruq
|
|
Batting: LHB Danny Montoya
|
0-0: Ball 1-0: Swinging Strike 1-1: SOLO HOME RUN (Flyball, 9D, EV 98.8 MPH), Distance : 396 ft
|
|
Batting: RHB Ted Emmerich
|
0-0: Ground out 5-3 (Groundball, 15, EV 75.6 MPH)
|
|
Batting: RHB Alex Melendez
|
0-0: Ball 1-0: Called Strike 1-1: Fly out, F7 (Line Drive, 7D, EV 83.1 MPH)
|
|
Batting: RHB Josh Smith
|
0-0: Ball 1-0: Called Strike 1-1: DOUBLE (Line Drive, 78D, EV 107.5 MPH)
|
|
Batting: RHB Travis Campbell
|
0-0: Foul Ball, location: 2F 0-1: Ball 1-1: Called Strike 1-2: Foul Ball, location: 2F 1-2: Fly out, F7 (Line Drive, 7, EV 85.0 MPH)
|
| Bottom of the 2nd over - 1 run, 2 hits, 0 errors, 1 left on base; Niagara Falls 0 - Brockton 1 |
| TOP OF THE 3RD |
|
Niagara Falls Phantoms batting - Pitching for Brockton Rox : RHP Ryuhei Shimabukuro
|
|
Batting: RHB Christian Shearer
|
0-0: Ball 1-0: Ball 2-0: Called Strike 2-1: Called Strike 2-2: Strikes out swinging
|
|
Batting: RHB John Sprenkel
|
0-0: Ball 1-0: Ball 2-0: Called Strike 2-1: Ground out U3 (Groundball, 3, EV 78.8 MPH)
|
|
Batting: LHB Aaron Joyner
|
0-0: Called Strike 0-1: Ball 1-1: Ball 2-1: Foul Ball, location: 2F 2-2: Strikes out swinging
|
| Top of the 3rd over - 0 runs, 0 hits, 0 errors, 0 left on base; Niagara Falls 0 - Brockton 1 |
| BOTTOM OF THE 3RD |
|
Brockton Rox batting - Pitching for Niagara Falls Phantoms : RHP Khayyat bin Faruq
|
|
Batting: RHB Sal Rivera
|
0-0: Ball 1-0: Called Strike 1-1: DOUBLE (Line Drive, 9LD, EV 111.9 MPH)
|
|
Batting: LHB John Buff
|
0-0: Ball 1-0: Reached on error, E8 (Flyball, 8RM, EV 75.0 MPH) Sal Rivera to third
|
|
Batting: RHB Jim Hubbard
|
0-0: Called Strike 0-1: Ball 1-1: Grounds into double play, 6-4-3 (Groundball, 6, EV 86.2 MPH) Sal Rivera scores
|
|
Batting: LHB Carlos Guerra
|
0-0: Ball 1-0: Called Strike 1-1: Swinging Strike 1-2: Ball 2-2: Ground out 6-3 (Groundball, 6, EV 102.5 MPH)
|
| Bottom of the 3rd over - 1 run, 1 hit, 1 error, 0 left on base; Niagara Falls 0 - Brockton 2 |
| TOP OF THE 4TH |
|
Niagara Falls Phantoms batting - Pitching for Brockton Rox : RHP Ryuhei Shimabukuro
|
|
Batting: SHB Mukhtar Wa'il
|
0-0: Ball 1-0: Ball 2-0: SINGLE (Line Drive, 9LS, EV 100.6 MPH)
|
|
Batting: RHB Devon Utley
|
0-0: Foul Ball, location: 2F 0-1: Foul Ball, location: 2F 0-2: Ball 1-2: Foul Ball, location: 2F 1-2: Strikes out looking
|
|
Batting: LHB Bart Davies
|
0-0: Ball 1-0: Foul Ball, location: 2F 1-1: Ball 2-1: Ball 3-1: Called Strike 3-2: Fielders Choice at 2nd, 5-4 (Groundball, 25, EV 85.6 MPH)
|
|
Batting: RHB Alex Colon
|
0-0: Called Strike 0-1: Foul Ball, location: 2F 0-2: Ball 1-2: Ball 2-2: Fly out, F7 (Line Drive, 7D, EV 99.4 MPH)
|
| Top of the 4th over - 0 runs, 1 hit, 0 errors, 1 left on base; Niagara Falls 0 - Brockton 2 |
| BOTTOM OF THE 4TH |
|
Brockton Rox batting - Pitching for Niagara Falls Phantoms : RHP Khayyat bin Faruq
|
|
Batting: LHB Danny Montoya
|
0-0: Ball 1-0: Called Strike 1-1: Ball 2-1: Ground out 4-3 (Groundball, 4, EV 86.9 MPH)
|
|
Batting: RHB Ted Emmerich
|
0-0: Foul Ball, location: 2F 0-1: TRIPLE (Flyball, 89XD, EV 99.4 MPH)
|
|
Batting: RHB Alex Melendez
|
0-0: Ball 1-0: Ball Wild Pitch! Ted Emmerich scores 2-0: Fly out, F8 (Flyball, 8LS, EV 89.4 MPH)
|
|
Batting: RHB Josh Smith
|
0-0: Ball 1-0: Called Strike 1-1: Foul Ball, location: 2F 1-2: Ball 2-2: Foul Ball, location: 2F 2-2: Ground out 6-3 (Groundball, 6, EV 89.4 MPH)
|
| Bottom of the 4th over - 1 run, 1 hit, 0 errors, 0 left on base; Niagara Falls 0 - Brockton 3 |
| TOP OF THE 5TH |
|
Niagara Falls Phantoms batting - Pitching for Brockton Rox : RHP Ryuhei Shimabukuro
|
|
Batting: SHB Edwin Dominguez
|
0-0: Ball 1-0: Called Strike 1-1: Ground out 4-3 (Groundball, 4, EV 86.2 MPH)
|
|
Batting: RHB Nazeeh Zubair
|
0-0: Called Strike 0-1: Foul Ball, location: 2F 0-2: Foul Ball, location: 2F 0-2: Foul Ball, location: 2F 0-2: Foul Ball, location: 2F 0-2: Ball 1-2: Foul Ball, location: 2F 1-2: Ball 2-2: Foul Ball, location: 2F 2-2: Ball 3-2: Foul Ball, location: 2F 3-2: Fly out, F9 (Flyball, 89S, EV 78.1 MPH)
|
|
Batting: RHB Christian Shearer
|
0-0: Called Strike 0-1: Ball 1-1: Ball 2-1: Ground out 5-3 (Groundball, 56, EV 87.5 MPH)
|
| Top of the 5th over - 0 runs, 0 hits, 0 errors, 0 left on base; Niagara Falls 0 - Brockton 3 |
| BOTTOM OF THE 5TH |
|
Brockton Rox batting - Pitching for Niagara Falls Phantoms : RHP Khayyat bin Faruq
|
|
Batting: RHB Travis Campbell
|
0-0: Ball 1-0: Foul Ball, location: 2F 1-1: Ground out 6-3 (Groundball, 6, EV 82.5 MPH)
|
|
Batting: RHB Sal Rivera
|
0-0: Called Strike 0-1: Ball 1-1: Fly out, F7 (Flyball, 7LS, EV 81.2 MPH)
|
|
Batting: LHB John Buff
|
0-0: Ball 1-0: Ball 2-0: Fly out, F7 (Flyball, 78D, EV 96.9 MPH)
|
| Bottom of the 5th over - 0 runs, 0 hits, 0 errors, 0 left on base; Niagara Falls 0 - Brockton 3 |
| TOP OF THE 6TH |
|
Niagara Falls Phantoms batting - Pitching for Brockton Rox : RHP Ryuhei Shimabukuro
|
|
Batting: RHB John Sprenkel
|
0-0: Called Strike 0-1: Foul Ball, location: 2F 0-2: Ground out 6-3 (Groundball, 56, EV 110.0 MPH)
|
|
Batting: LHB Aaron Joyner
|
0-0: Ball 1-0: SINGLE (Groundball, 34D, EV 95.0 MPH)
|
|
Batting: SHB Mukhtar Wa'il
|
0-0: Ball Aaron Joyner steals 2nd base 1-0: Fly out, F8 (Flyball, 8LS, EV 77.5 MPH)
|
|
Batting: RHB Devon Utley
|
0-0: Called Strike 0-1: Ground out 6-3 (Groundball, 6M, EV 88.8 MPH)
|
| Top of the 6th over - 0 runs, 1 hit, 0 errors, 1 left on base; Niagara Falls 0 - Brockton 3 |
| BOTTOM OF THE 6TH |
|
Brockton Rox batting - Pitching for Niagara Falls Phantoms : RHP Khayyat bin Faruq
|
|
Batting: RHB Jim Hubbard
|
0-0: Called Strike 0-1: Ball 1-1: Swinging Strike 1-2: SOLO HOME RUN (Flyball, 8LXD, EV 111.9 MPH), Distance : 439 ft
|
|
Batting: LHB Carlos Guerra
|
0-0: Ball 1-0: Ball 2-0: Ball 3-0: Base on Balls
|
|
Batting: LHB Danny Montoya
|
0-0: Called Strike 0-1: Ball 1-1: Called Strike 1-2: Foul Ball, location: 2F 1-2: Fly out, F8 (Flyball, 89M, EV 81.9 MPH)
|
|
Batting: RHB Ted Emmerich
|
0-0: Called Strike 0-1: Ball 1-1: SINGLE (Groundball, 4MD, EV 101.2 MPH) Carlos Guerra to second Runner from 2nd tries for 3rd, SAFE, throw by CF made to third
|
|
Batting: RHB Alex Melendez
|
0-0: Ball 1-0: Ball 2-0: Called Strike 2-1: Foul Ball, location: 2F 2-2: Foul Ball, location: 2F 2-2: Strikes out swinging
|
|
Pitching: RHP Antonio Castillo
|
|
|
Batting: RHB Josh Smith
|
0-0: Called Strike 0-1: Ball 1-1: Foul Ball, location: 2F 1-2: Ball 2-2: Ball 3-2: Fly out, F8 (Flyball, 8LD, EV 91.9 MPH)
|
| Bottom of the 6th over - 1 run, 2 hits, 0 errors, 2 left on base; Niagara Falls 0 - Brockton 4 |
| TOP OF THE 7TH |
|
Niagara Falls Phantoms batting - Pitching for Brockton Rox : RHP Ryuhei Shimabukuro
|
|
Pitching: LHP Jon Convery
|
|
|
Batting: LHB Bart Davies
|
0-0: SINGLE (Groundball, 4D, EV 103.1 MPH)
|
|
Batting: RHB Alex Colon
|
0-0: Foul Ball, location: 2F 0-1: Ball 1-1: Called Strike 1-2: Strikes out swinging
|
|
Batting: SHB Edwin Dominguez
|
0-0: Called Strike 0-1: Foul Ball, location: 2F 0-2: Ball 1-2: Ball 2-2: Strikes out swinging
|
|
Batting: RHB Nazeeh Zubair
|
0-0: Swinging Strike 0-1: Ball 1-1: Called Strike 1-2: Strikes out swinging
|
| Top of the 7th over - 0 runs, 1 hit, 0 errors, 1 left on base; Niagara Falls 0 - Brockton 4 |
| BOTTOM OF THE 7TH |
|
Brockton Rox batting - Pitching for Niagara Falls Phantoms : RHP Antonio Castillo
|
|
Batting: RHB Travis Campbell
|
0-0: Ball 1-0: Ground out 6-3 (Groundball, 56, EV 83.1 MPH)
|
|
Batting: RHB Sal Rivera
|
0-0: Ball 1-0: Called Strike 1-1: Foul Ball, location: 2F 1-2: Ball 2-2: Ball 3-2: Ground out 5-3 (Groundball, 56S, EV 63.1 MPH)
|
|
Batting: LHB John Buff
|
0-0: Ball 1-0: DOUBLE (Groundball, 5L, EV 95.6 MPH)
|
|
Batting: RHB Jim Hubbard
|
0-0: Called Strike 0-1: Foul Ball, location: 2F 0-2: Ground out 1-3 (Groundball, 34S, EV 68.8 MPH)
|
| Bottom of the 7th over - 0 runs, 1 hit, 0 errors, 1 left on base; Niagara Falls 0 - Brockton 4 |
| TOP OF THE 8TH |
|
Niagara Falls Phantoms batting - Pitching for Brockton Rox : LHP Jon Convery
|
|
Batting: RHB Christian Shearer
|
0-0: Called Strike 0-1: Ball 1-1: Swinging Strike 1-2: Strikes out swinging
|
|
Batting: RHB John Sprenkel
|
0-0: Ball 1-0: Ball 2-0: Ball 3-0: Called Strike 3-1: Called Strike 3-2: Ground out 5-3 (Groundball, 5, EV 81.2 MPH)
|
|
Batting: LHB Aaron Joyner
|
0-0: SINGLE (Flyball, 7LS, EV 85.0 MPH)
|
|
Batting: SHB Mukhtar Wa'il
|
0-0: Ball 1-0: Called Strike 1-1: Called Strike 1-2: Strikes out swinging
|
| Top of the 8th over - 0 runs, 1 hit, 0 errors, 1 left on base; Niagara Falls 0 - Brockton 4 |
| BOTTOM OF THE 8TH |
|
Brockton Rox batting - Pitching for Niagara Falls Phantoms : RHP Antonio Castillo
|
|
Pitching: LHP Josh Shaw
|
|
|
Batting: LHB Carlos Guerra
|
0-0: Called Strike 0-1: Ball 1-1: Foul Ball, location: 2F 1-2: Ball 2-2: Ground out U3 (Groundball, 34, EV 90.0 MPH)
|
|
Batting: LHB Danny Montoya
|
0-0: Foul Ball, location: 2F 0-1: Ball 1-1: Fly out, F8 (Flyball, 8RM, EV 86.2 MPH)
|
|
Batting: RHB Ted Emmerich
|
0-0: Ball 1-0: Ball 2-0: Called Strike 2-1: Ball 3-1: Swinging Strike 3-2: Fly out, F8 (Flyball, 8RD, EV 84.4 MPH)
|
| Bottom of the 8th over - 0 runs, 0 hits, 0 errors, 0 left on base; Niagara Falls 0 - Brockton 4 |
| TOP OF THE 9TH |
|
Niagara Falls Phantoms batting - Pitching for Brockton Rox : LHP Jon Convery
|
|
Batting: RHB Devon Utley
|
0-0: Ball 1-0: Called Strike 1-1: Swinging Strike 1-2: Ball 2-2: Strikes out swinging
|
|
Batting: LHB Bart Davies
|
0-0: Fly out, F7 (Flyball, 7LS, EV 87.5 MPH)
|
|
Batting: RHB Alex Colon
|
0-0: Called Strike 0-1: Swinging Strike 0-2: Ball 1-2: Ball 2-2: Fly out, F8 (Flyball, 78XD, EV 99.4 MPH)
|
| Top of the 9th over - 0 runs, 0 hits, 0 errors, 0 left on base; Niagara Falls 0 - Brockton 4 |
|